 Dungeon Crawl Stone Soup version 0.32-a0-42-ga30500b4d3 (webtiles) character file.

Game seed: 918216410344778181

865 Ceno the Covert (level 7, -1/38 HPs)
             Began as a Vampire Enchanter on Feb 2, 2024.
             Slain by Dowan
             ... wielding a +0 dagger
              (3 damage)
             ... on level 5 of the Dungeon.
             The game lasted 00:16:46 (5238 turns).

Ceno the Covert (Vampire Enchanter)                 Turns: 5238, Time: 00:16:48

Health: -1/38      AC:  2    Str:  7    XL:     7   Next: 72%
Magic:  9/13       EV: 12    Int: 20    God:
Gold:   170        SH:  0    Dex: 14    Spells: 6/14 levels left

rFire   . . .        a - +1 dagger
rCold   + + .        (no shield)
rNeg    + + +        b - +0 robe
rPois   ∞            (no helmet)
rElec   .            (no cloak)
rCorr   .            (no gloves)
SInv    +            (no boots)
Will    .....        m - amulet of magic regeneration
Stlth   ++++++       (no ring)
HPRegen 0.00/turn    (no ring)
MPRegen 0.53/turn

%: no passive effects
@: bloodless, inhibited regen
A: bloodless, fangs 3, see invisible, vampiric 2
a: Bat Form, Revivify


You were on level 5 of the Dungeon.
You visited 1 branch of the dungeon, and saw 5 of its levels.

You collected 170 gold pieces.

Inventory:

Hand Weapons
 a - a +1 dagger (weapon)
 o - a +0 falchion
Missiles
 d - 32 stones (quivered)
 A - a throwing net
Armour
 b - a +0 robe (worn)
 i - a +0 leather armour
Jewellery
 m - an amulet of magic regeneration (around neck)
Wands
 w - a wand of charming (2)
 y - a wand of polymorph (15)
 B - a wand of flame (9)
Scrolls
 k - 3 scrolls of poison
 p - a scroll of teleportation
 q - a scroll of butterflies {unknown}
 r - a scroll of identify {unknown}
 s - 2 scrolls of vulnerability {unknown}
 t - a scroll of enchant weapon {unknown}
 u - 4 scrolls of blinking {unknown}
 v - a scroll of amnesia {unknown}
Potions
 c - 3 potions of invisibility
 e - a potion of attraction {unknown}
 f - 2 potions of lignification {unknown}
 g - a potion of brilliance {unknown}
 h - 2 potions of enlightenment {unknown}
 j - 2 potions of cancellation {unknown}
 l - 2 potions of might {unknown}
 n - 5 potions of curing {unknown}
 x - a potion of degeneration {unknown}
 z - a potion of haste {unknown}


   Skills:
 + Level 1.5 Fighting
 + Level 4.8 Short Blades
 - Level 2.1 Dodging
 + Level 8.1 Stealth
 - Level 4.0 Spellcasting
 + Level 7.5 Hexes


You had 6 spell levels left.
You knew the following spells:

 Your Spells              Type           Power      Damage    Failure   Level
a - Ensorcelled Hibernat  Hex/Ice        38%        N/A       4%          2
b - Confusing Touch       Hex            34%        N/A       1%          3
c - Tukima's Dance        Hex            34%        N/A       1%          3

Your spell library contained the following spells:

 Spells                   Type           Power      Damage    Failure   Level
 Dazzling Flash           Conj/Hex       38%        N/A       9%          3
 Ozocubu's Armour         Ice            4%         N/A       36%         3
 Summon Ice Beast         Ice/Summ       4%         N/A       36%         3
 Metabolic Englaciation   Hex/Ice        9%         N/A       58%         5
 Summon Mana Viper        Hex/Summ       19%        N/A       58%         5
 Sculpt Simulacrum        Ice/Alch       2%         N/A       100%        6
 Monstrous Menagerie      Summ           2%         N/A       100%        7


Dungeon Overview and Level Annotations

Branches:
Dungeon (5/15)
 Temple: D:4-7

Altars:
Qazlal
Sif Muna
Yredelemnul

Annotations:
D:3 2 transporters, hgbash's ghost, weakling GrEE
D:5 Dowan


Innate Abilities, Weirdness & Mutations

You do not regenerate when monsters are visible.
You are frail without blood (-20% HP).
You can heal yourself when you bite living creatures.
You are immune to poison.
You have razor-sharp teeth.
You have supernaturally acute eyesight. (SInv)
You are afflicted with vampirism and can become a bat while bloodless.


Message History

You hit Duvessa but do no damage.
Duvessa appears confused.
You bite Duvessa, but do no damage. Dowan closely misses you.
You hit Duvessa. You bite Duvessa, but do no damage.
Duvessa is lightly wounded.
Dowan gestures at you while chanting. The puff of frost hits you. You resist.
Duvessa gestures wildly.
Your +0 rapier hits Duvessa but does no damage.
Duvessa hits you!
Duvessa hits herself!
Your +0 rapier hits Duvessa.
You hit Duvessa.
Duvessa is moderately wounded.
Dowan points at you and mumbles some strange words.
The puff of flame hits you!
You hit Duvessa but do no damage.
Duvessa is moderately wounded.
Your +0 rapier hits Duvessa.
Dowan hits you with a +0 dagger.
You barely miss Duvessa.
Duvessa is heavily wounded.
Duvessa barely misses you.
Your +0 rapier hits Duvessa.
You strike the helpless Duvessa from behind!
You bite Duvessa, and draw her blood!
You feel better.
You puncture Duvessa!
Duvessa is almost dead.
Dowan hits you with a +0 dagger. Duvessa hits you!
* * * LOW HITPOINT WARNING * * *
You hit Duvessa.
You kill Duvessa!
Dowan's eyes darken. "You have made a grave mistake."
Dowan seems to find hidden reserves of power!
Dowan hits you with a +0 dagger.
* * * LOW HITPOINT WARNING * * *
Your Stealth skill increases to level 8!
Casting: Confusing Touch (safe; 1% risk of failure)
Confirm with . or Enter, or press ? or * to list all spells.
Aiming: Ensorcelled Hibernation (safe; 4% risk of failure)
Press: ? - help, Shift-Dir - straight line, f - Dowan
Aim: Dowan, wielding a +0 dagger and wearing a +0 robe (fast, ally target, chance to affect: 51%) Dowan resists with significant effort.
Dowan hits you with a +0 dagger.
* * * LOW HITPOINT WARNING * * *
Dowan hits you with a +0 dagger.
You die...

.#####.#.............#
................>....#
.###.................#
.# #........####.#..##
.# #........# #.#e.#
.# #........# #.#(.#
.#####......## #.#..#
###..........###e!..#
#.............@(..#
#..........###[.!.#
####...#######.....#
## #...# #...$#######
.# ###.####.##.......#
.# #...............#
.#
####..######.......#
.#
#.....#≈≈≈≈'.......#
.#
#.....#≈8_≈#.......#


You could see Dowan (fast, ally target) and a friendly +0 rapier.

Vanquished Creatures
  Duvessa (D:5)
  A water moccasin (D:3)
  A sky beast (D:4)
  2 scorpions (D:5)
  A hound (D:4)
  A sleepcap (D:4)
  Natasha (thrice) (D:4)
  3 orc wizards (D:4)
  A gnoll (D:3)
  4 adders
  A white imp (D:5)
  2 dart slugs (D:4)
  3 ribbon worms
  An orc (D:4)
  2 bats (D:1)
  3 endoplasms
  5 giant cockroaches
  6 goblins
  3 hobgoblins
  8 jackals
  6 kobolds
  A quokka (D:2)
  4 ball pythons
  A frilled lizard (D:2)
  3 rats
67 creatures vanquished.

Vanquished Creatures (collateral kills)
  Edmund (D:4)
  2 gnolls (D:3)
3 creatures vanquished.

Vanquished Creatures (others)
  2 dancing weapons (D:3)
2 creatures vanquished.

Grand Total: 72 creatures vanquished

Notes
Turn   | Place    | Note
-------+----------+-------------------------------------------
     0 | D:1      | Ceno the Vampire Enchanter began the quest for the Orb.
     0 | D:1      | Reached XP level 1. HP: 13/13 MP: 3/3
   239 | D:1      | Reached XP level 2. HP: 18/19 MP: 5/5
   251 | D:1      | Learned a level 2 spell: Ensorcelled Hibernation
  1141 | D:2      | Gained mutation: You are afflicted with vampirism and can
                  | become a bat while bloodless. [Vampire growth]
  1141 | D:2      | Reached XP level 3. HP: 24/24 MP: 1/6
  1145 | D:2      | Learned a level 3 spell: Confusing Touch
  1211 | D:2      | Reached skill level 5 in Stealth
  1750 | D:3      | Reached skill level 5 in Hexes
  1754 | D:3      | Found a transporter.
  1961 | D:3      | Found a faded altar of an unknown god.
  2106 | D:3      | Found a stormy altar of Qazlal.
  2293 | D:4      | Noticed a sky beast
  2319 | D:4      | Reached XP level 4. HP: 22/24 MP: 6/8
  2336 | D:4      | Killed a sky beast
  2337 | D:4      | Reached skill level 6 in Stealth
  2337 | D:4      | Reached XP level 5. HP: 17/28 MP: 4/9
  2386 | D:4      | Learned a level 3 spell: Tukima's Dance
  2421 | D:3      | Found a basalt altar of Yredelemnul.
  2435 | D:3      | Noticed a water moccasin
  2459 | D:3      | Killed a water moccasin
  2460 | D:3      | Reached XP level 6. HP: 5/32 MP: 9/11
  2602 | D:3      | Noticed hgbash's ghost (weakling GrEE)
  2603 | D:3      | Found a transporter.
  2610 | D:3      | Identified the +1 leather armour of the Beginning {Regen+
                  | Str-4 Dex+3}
  3368 | D:4      | Noticed Natasha
  3445 | D:4      | Killed Natasha
  3748 | D:4      | Noticed Edmund
  3761 | D:4      | Killed Edmund
  3762 | D:4      | Reached skill level 7 in Stealth
  3886 | D:4      | Reached XP level 7. HP: 34/36 MP: 10/12
  4027 | D:4      | Noticed Natasha
  4029 | D:4      | Killed Natasha
  4189 | D:4      | Noticed Natasha
  4195 | D:4      | Killed Natasha
  4201 | D:5      | Entered Level 5 of the Dungeon
  4553 | D:5      | Reached skill level 1 in Fighting
  4601 | D:5      | Found a shimmering blue altar of Sif Muna.
  4604 | D:5      | Noticed Dowan
  5213 | D:5      | Noticed Duvessa
  5237 | D:5      | Killed Duvessa
  5238 | D:5      | Reached skill level 8 in Stealth
  5238 | D:5      | Slain by Dowan

Illustrated notes

Levels and vault maps discovered:
D:1:      saegor_arrival_simple_b, layout_rooms, hangedman_decor_lopped
D:2:      cheibrodos_helix_gallery, layout_basic
D:3:      layout_loops_ring, yredelemnul_altar_generic,
          overflow_temple_1_default, gammafunk_ghost_mausoleum,
          shapermc_ecumenical_altar_petra
D:4:      layout_basic, uniq_edmund, uniq_natasha
D:5:      layout_basic, general_overflow_altar, uniq_duvessa

Skill      XL: |  1  2  3  4  5  6  7 |
---------------+----------------------+-----
Stealth        | 5 6 7 8 |  8.1
Short Blades   | 2 3 4 |  4.8
Hexes          | 5 6 7 |  7.5
Spellcasting   | 3 4 |  4.0
Fighting       | 1 |  1.5
Dodging        | |  2.1

Action                     |  1- 3 |  4- 6 |  7- 9 || total
---------------------------+-------+-------+-------++-------
  Melee: Dagger            |    76 |    54 |    56 ||   186
         Bite              |     7 |     3 |    11 ||    21
         Punch             |     1 |     1 |     1 ||     3
  Throw: Stone             |     8 |     6 |     4 ||    18
   Cast: Ensorcelled Hiber |    31 |    21 |    12 ||    64
         Confusing Touch   |     1 |     4 |     5 ||    10
         Tukima's Dance    |       |     6 |     1 ||     7
Ability: Exsanguinate      |     1 |       |       ||     1
    Use: Scroll            |       |       |     2 ||     2
   Stab: Sleeping          |    25 |    18 |     6 ||    49
         Confused          |     2 |     1 |     1 ||     4
 Armour: Robe              |    40 |    19 |    29 ||    88
  Dodge: Dodged            |    45 |    29 |    18 ||    92

Table legend: (Time is in decaauts)
 A = Elapsed time spent in this place.
 B = Non-inter-level travel time spent in this place.
 C = Inter-level travel time spent in this place.
 D = Time resting spent in this place.
 E = Time spent auto-exploring this place.
 F = Levels seen in this place.
 G = Mean time per level.
                   A        B        C        D        E       F      G
               +--------+--------+--------+--------+--------+-----+--------+
         Total |   5214 |   5076 |    138 |    943 |   2116 |   5 | 1042.8 |
       Dungeon |   5214 |   5076 |    138 |    943 |   2116 |   5 | 1042.8 |
               +--------+--------+--------+--------+--------+-----+--------+

Top non-repeatable levels by time:
     D:4: 1373 daAuts
     D:3: 1254 daAuts
     D:5: 993 daAuts
     D:2: 976 daAuts
     D:1: 616 daAuts
